 Dungeon Crawl Stone Soup version 0.31-a0-844-gdc52ec4e09 (webtiles) character file.

Game seed: 15398877874981950843

72 Kurtz the Chopper (level 4, -1/31 HPs)
             Began as an Octopode Fighter on Oct 1, 2023.
             Slain by Terence
             ... wielding a +0 hand axe
              (9 damage)
             ... on level 3 of the Dungeon.
             The game lasted 00:01:08 (1459 turns).

Kurtz the Chopper (Octopode Fighter)                Turns: 1459, Time: 00:01:09

Health: -1/31      AC:  1    Str: 15    XL:     4   Next: 26%
Magic:  4/4        EV: 13    Int: 10    God:
Gold:   41         SH:  4    Dex: 13    Spells: 3/3 levels left

rFire   . . .        o - +3 whip (venom)
rCold   . . .        b - +0 buckler
rNeg    . . .        (helmet restricted)
rPois   .            (no amulet)
rElec   .            (no ring)
rCorr   .            (no ring)
SInv    .            (no ring)
Will    .....        (no ring)
Stlth   ++           (no ring)
HPRegen 0.25/turn    (no ring)
MPRegen 0.09/turn    (no ring)
                     (no ring)

%: no passive effects
@: no status effects
A: almost no armour, amphibious, 8 rings, camouflage 1, gelatinous body 1,
(nimble swimmer 1), tentacles
a: no special abilities


You were on level 3 of the Dungeon.
You visited 1 branch of the dungeon, and saw 3 of its levels.

You collected 41 gold pieces.

Inventory:

Hand Weapons
 a - a +0 war axe
 o - a +3 whip of venom (weapon)
Missiles
 l - 3 javelins
 n - a throwing net
Armour
 b - a +0 buckler (worn)
Jewellery
 d - a ring of ice
Scrolls
 i - 2 scrolls of identify {unknown}
 j - a scroll of fear {unknown}
Potions
 c - a potion of might
 e - 3 potions of mutation {unknown}
 f - a potion of degeneration {unknown}
 g - a potion of heal wounds {unknown}
 h - a potion of resistance {unknown}
 k - a potion of attraction {unknown}
 m - 3 potions of curing {unknown}


   Skills:
 - Level 3.0 Fighting
 * Level 4.4 Axes
 - Level 3.0 Dodging
 - Level 3.0 Shields


You had 3 spell levels left.
You didn't know any spells.
Your spell library was empty.

Dungeon Overview and Level Annotations

Branches:
Dungeon (3/15)

Altars:

Shops:
D:2 ?[(!

Annotations:
D:2 1 runed translucent door, Crazy Yiuf
D:3 Terence


Innate Abilities, Weirdness & Mutations

You cannot wear most types of armour.
You are amphibious.
You can wear up to eight rings at the same time.
Your skin changes colour to match your surroundings (Stealth+).
Your rubbery body absorbs attacks. (AC +1, EV +1)
((You are camouflaged when in or above water. (Stealth+)))
You have tentacles for arms and can constrict up to eight enemies at once.


Message History

a +3 whip of venom; a kobold corpse
o - a +3 whip of venom Your +3 whip of venom begins to drip with poison!
o - a +3 whip of venom (weapon)
m - 3 fizzy black potions (gained 1)
You now have enough gold to buy a potion of curing on D:2, or buy a potion of lignification on D:2.
You can access your shopping list by pressing '$'.
You now have 41 gold pieces (gained 8).
Found a stone staircase leading down.
No target in view!
Terence the Incautious comes into view.
He is wielding a +0 hand axe.
Terence is nearby!
Terence is nearby!
The helpless Terence fails to defend himself.
You hit Terence. You grab Terence. You squeeze Terence, but do no damage.
Terence is lightly wounded.
You constrict Terence, but do no damage.
Terence hits you with a +0 hand axe!
You hit Terence but do no damage.
Terence is poisoned.
Terence is lightly wounded.
You constrict Terence. Terence hits you with a +0 hand axe!
You are too injured to fight recklessly!
You are too injured to fight recklessly!
Terence is nearby!
You are too injured to fight recklessly!
You are too injured to fight recklessly!
You hit Terence.
Terence looks as sick as possible!
Terence is moderately wounded.
You constrict Terence. Terence hits you with a +0 hand axe.
* * * LOW HITPOINT WARNING * * *
Unknown command.
You hit Terence but do no damage.
Terence is moderately wounded.
You constrict Terence. Terence hits you with a +0 hand axe.
* * * LOW HITPOINT WARNING * * *
Unknown command.
You hit Terence. You squeeze Terence, but do no damage.
Terence is severely wounded.
You constrict Terence. Terence hits you with a +0 hand axe!
You die...

# #.###....#
.####.#......####
......#.........#
................#
.....###........##
....##.#........>#
....#.##..##.###.#
.....##..........#
.##.....##......@#
##.#............@....#
#.##.................#
###..................#
.....†.†.............#
.....................#
.............###.#####
............## #.#
.....#......#


You could see Terence (extremely poisoned).

Vanquished Creatures
  Jessica (D:2)
  An adder (D:3)
  2 dart slugs (D:1)
  5 endoplasms
  4 giant cockroaches
  2 goblins
  3 hobgoblins (D:1)
  3 ball pythons
  3 bats
  A frilled lizard (D:1)
  4 kobolds
  2 rats
31 creatures vanquished.

Notes
Turn   | Place    | Note
-------+----------+-------------------------------------------
     0 | D:1      | Kurtz the Octopode Fighter began the quest for the Orb.
     0 | D:1      | Reached XP level 1. HP: 16/16 MP: 1/1
   146 | D:1      | Reached XP level 2. HP: 21/21 MP: 2/2
   334 | D:1      | Reached skill level 3 in Axes
   541 | D:1      | Found a faded altar of an unknown god.
   680 | D:2      | Found Muejemeg's Antique Armour Boutique.
   801 | D:2      | Reached XP level 3. HP: 25/26 MP: 3/3
   805 | D:2      | Found Unizuk's Distillery.
   824 | D:2      | Found Apnomafo's Weapon Shop.
   824 | D:2      | Noticed Jessica
   915 | D:2      | Found a runed translucent door.
   916 | D:2      | Noticed Crazy Yiuf
  1033 | D:2      | Killed Jessica
  1034 | D:2      | Reached skill level 4 in Axes
  1061 | D:2      | Found Kewoarch's Magic Scroll Boutique.
  1334 | D:3      | Reached XP level 4. HP: 27/31 MP: 4/4
  1448 | D:3      | Noticed Terence
  1459 | D:3      | Slain by Terence

Illustrated notes

Levels and vault maps discovered:
D:1:      erik_arrival_orb_chamber, layout_loops_ring, basic_ecumenical_altar
D:2:      layout_basic, serial_shops, nicolae_shop_industrial_runoff,
          nicolae_shop_peninsula, shop, shop_fountains, uniq_jessica,
          uniq_crazy_yiuf_cottage
D:3:      layout_basic, cheibrodos_ashenzari_chains, roderic_batcave,
          grunt_decor_junction, corexii_hall_statues_t, serial_park_tiny_1,
          minmay_bisected, uniq_terence

Skill      XL: |  1  2  3 |
---------------+----------+-----
Axes           | 3 4 |  4.4
Fighting       | |  3.0
Dodging        | |  3.0
Shields        | |  3.0

Action                     |  1- 3 |  4- 6 || total
---------------------------+-------+-------++-------
  Melee: War axe           |    39 |     9 ||    48
         Constrict         |    12 |     3 ||    15
         Tentacles         |     6 |     2 ||     8
         Whip              |       |     5 ||     5
   Stab: Sleeping          |     7 |     1 ||     8
 Armour: Skin              |     8 |     9 ||    17
  Dodge: Dodged            |    22 |    10 ||    32
  Block: Buckler           |     4 |     3 ||     7

Table legend: (Time is in decaauts)
 A = Elapsed time spent in this place.
 B = Non-inter-level travel time spent in this place.
 C = Inter-level travel time spent in this place.
 D = Time resting spent in this place.
 E = Time spent auto-exploring this place.
 F = Levels seen in this place.
 G = Mean time per level.
                   A        B        C        D        E       F      G
               +--------+--------+--------+--------+--------+-----+--------+
         Total |   1475 |   1360 |    115 |      0 |   1142 |   3 |  491.7 |
       Dungeon |   1475 |   1360 |    115 |      0 |   1142 |   3 |  491.7 |
               +--------+--------+--------+--------+--------+-----+--------+

Top non-repeatable levels by time:
     D:1: 668 daAuts
     D:2: 545 daAuts
     D:3: 261 daAuts
